AoeStats
← BeeSneezes

Arena

508577888Analyzed
4v4 RM · 8d ago on Sep 23, 2026· 44m 23s· 8 players
Game mode
Random Map
Map size
Large (8 player)
Population
200
Speed
Normal
Resources
Standard
Victory
Conquest
Starting age
Dark Age
Ending age
Imperial Age
RankedLock teamsTeams togetherTeam positionsShared explorationLock speedFull tech treeHidden civsTurbo modeCheats
Victory
Defeat
🇨🇱 Romans · Chile
742
+6
🇲🇽 Danes · Mexico
733
+6
🇺🇸 Celts · United States
701
+8
🇲🇽 Varangians · Mexico
662
+9
🇺🇸 Britons · United States
735
-36
🇺🇸 Japanese · United States
445
-6
🇺🇸 Bengalis · United States
397
-5
🇺🇸 Teutons · United States
292
-3
HeadedCornet303
11:45 Feudal Age
14:50 Gold Mining
19:38 Castle Age
18:29 Stone Mining
18:27 Double-Bit Axe
18:25 Horse Collar
25:15 Wheelbarrow
25:36 Bow Saw
25:55 Heavy Plow
31:00 Gold Shaft Mining
31:00 Stone Shaft Mining
32:46 Hand Cart
36:20 Caravan
40:29 Imperial Age
42:04 Conscription
41:11 Hamask
41:17 Capped Ram
41:32 Elite Varangian Guard
43:34 Forging
43:24 Scale Mail Armor
43:55 Siege Ram
mecofundiyo
0:28 Loom
14:44 Feudal Age
16:13 Wheelbarrow
15:23 Town Watch
16:04 Horse Collar
16:51 Double-Bit Axe
21:18 Gold Mining
21:18 Stone Mining
24:14 Castle Age
24:32 Scale Mail Armor
24:38 Scale Barding Armor
24:47 Forging
25:17 Hand Cart
25:03 Town Patrol
28:13 Chain Barding Armor
30:45 Heavy Plow
33:11 Bow Saw
34:10 Stone Shaft Mining
34:13 Caravan
36:19 Vendel Legacy
41:41 Imperial Age
39:14 Arson
39:31 Squires
39:00 Pikeman
39:37 Gambesons
41:48 Chain Mail Armor
42:09 Iron Casting
42:43 Conscription
42:31 Gothikon
44:03 Elite Varangian Guard
11thDAY
12:27 Feudal Age
14:32 Loom
17:09 Castle Age
31:04 Scale Barding Armor
31:10 Forging
32:33 Wheelbarrow
31:46 Double-Bit Axe
34:46 Hand Cart
36:05 Chain Barding Armor
36:21 Iron Casting
37:20 Horse Collar
38:18 Fortified Wall
41:43 Imperial Age
39:09 Town Watch
40:09 Husbandry
40:46 Bow Saw
40:28 Stone Mining
40:37 Gold Mining
41:05 Scale Mail Armor
42:41 Capped Ram
43:17 Gambesons
42:53 Man-at-Arms
43:52 Chain Mail Armor
44:39 Blast Furnace
44:36 Stone Shaft Mining
43:44 Cavalier
Butch
6:09 Loom
11:49 Feudal Age
12:18 Double-Bit Axe
12:15 Horse Collar
20:18 Castle Age
19:50 Wheelbarrow
21:38 Bow Saw
21:30 Heavy Plow
21:24 Gold Mining
21:25 Stone Mining
22:40 Hand Cart
23:19 Forging
23:09 Scale Mail Armor
24:08 Gold Shaft Mining
29:41 Imperial Age
28:31 Ballistas
30:05 Iron Casting
29:45 Chain Mail Armor
33:50 Conscription
33:50 Comitatenses
34:39 Blast Furnace
34:46 Chemistry
34:06 Ballistics
33:53 Siege Engineers
33:15 Man-at-Arms
33:23 Heavy Scorpion
34:23 Capped Ram
34:36 Long Swordsman
36:50 Siege Ram
38:19 Legionary
12ozPapa
0:46 Loom
16:29 Feudal Age
17:17 Horse Collar
17:28 Double-Bit Axe
17:38 Gold Mining
18:16 Town Watch
18:49 Stone Mining
20:05 Wheelbarrow
26:19 Fletching
26:29 Padded Archer Armor
26:41 Forging
26:36 Scale Barding Armor
28:57 Castle Age
28:28 Arson
BeeSneezes
1:39 Loom
16:22 Feudal Age
17:42 Wheelbarrow
16:55 Horse Collar
18:02 Town Watch
18:11 Double-Bit Axe
19:21 Stone Mining
28:19 Gold Mining
Bad Bradley B
13:22 Feudal Age
13:56 Double-Bit Axe
13:55 Horse Collar
16:13 Wheelbarrow
18:31 Stone Mining
18:33 Gold Mining
23:53 Castle Age
25:08 Hand Cart
25:07 Bow Saw
25:01 Scale Mail Armor
25:04 Heavy Plow
26:20 Chain Mail Armor
28:25 Gold Shaft Mining
33:02 Imperial Age
31:00 Squires
33:11 Forging
36:01 Elite Samurai
41:28 Iron Casting
41:23 Plate Mail Armor
43:23 Blast Furnace
dankalashnikov
10:51 Feudal Age
12:53 Double-Bit Axe
13:57 Horse Collar
19:51 Wheelbarrow
19:18 Gold Mining
22:08 Castle Age
21:39 Man-at-Arms
22:19 Crossbowman
23:43 Bow Saw
23:59 Heavy Plow
23:59 Pikeman
25:22 Long Swordsman
26:01 Fletching
27:09 Bodkin Arrow
27:24 Squires
28:41 Padded Archer Armor
30:25 Yeomen
33:22 Wheelbarrow
39:22 Imperial Age
38:18 Ballistics
38:03 Gambesons
38:49 Forging
38:40 Scale Mail Armor
38:57 Leather Archer Armor
38:48 Scale Barding Armor
38:59 Masonry
38:45 Stone Mining
39:34 Elite Longbowman
40:47 Bracer
40:34 Halberdier
41:27 Arbalester
42:52 Caravan
Connection lost

Rejoining the realm…

Still unreachable

The connection could not be restored.

Session expired

The server has moved on; the page needs a fresh start.